 Dungeon Crawl Stone Soup version 0.21.1-1-g345015f (webtiles) character file.

88 Kagorn the Shield-Bearer (level 4, -4/29 HPs)
             Began as a Gargoyle Fighter on June 8, 2018.
             Slain by Soeti's ghost (12 damage)
             ... on level 3 of the Dungeon.
             The game lasted 00:16:47 (1379 turns).

Kagorn the Shield-Bearer (Gargoyle Fighter)         Turns: 1379, Time: 00:16:47

Health: -4/29      AC: 12    Str: 27    XL:     4   Next: 53%
Magic:  4/4        EV: 12    Int:  8    God:
Gold:   103        SH: 10    Dex: 15    Spells: 3/3 levels left

rFire    . . .     SeeInvis .   p - +3 short sword
rCold    . . .     Gourm    .   c - +0 shield
rNeg     + . .     Faith    .   g - +0 chain mail
rPois    ∞         Spirit   .   (no helmet)
rElec    +         Reflect  .   (no cloak)
rCorr    .         Harm     .   (no gloves)
MR       .....                  (no boots)
Stlth    ..........             k - amulet of inaccuracy (curse)
HPRegen  0.09/turn              m - +2 ring of strength
MPRegen  0.09/turn              (no ring)

@: mighty, agile
A: negative energy resistance 1, electricity resistance, unbreathing,
petrification resistance, rot immunity, AC +3
a: no special abilities


You were on level 3 of the Dungeon.
You were full.

You visited 1 branch of the dungeon, and saw 3 of its levels.

You collected 103 gold pieces.

Inventory:

Hand Weapons
 a - a +0 long sword
 p - a +3 short sword (weapon)
Armour
 c - a +0 shield (worn)
 g - a +0 chain mail (worn)
 j - a +0 leather armour of poison resistance
Magical Staves
 n - an uncursed staff of fire
Jewellery
 k - a cursed amulet of inaccuracy (around neck)
 m - a +2 ring of strength (left hand)
Scrolls
 e - 2 scrolls of fear
 i - a scroll of teleportation
Comestibles
 f - 4 rations


   Skills:
 + Level 3.7 Fighting
 + Level 0.3(1.4) Short Blades
 + Level 2.3(2.4) Long Blades
 + Level 3.8 Armour
 * Level 1.2 Dodging
 + Level 4.0 Shields


You had 3 spell levels left.
You didn't know any spells.

Dungeon Overview and Level Annotations

Branches:
Dungeon (3/15)

Altars:
Xom

Annotations:
D:3 Soeti's ghost, amateur HOFi


Innate Abilities, Weirdness & Mutations

You are resistant to torment.
Your stone body is resilient. (AC +3)
You are immune to poison.
You resist negative energy. (rN+)
You are resistant to electric shocks. (rElec)
You can survive without breathing.
You are immune to petrification.
You are immune to rotting.


Message History

You hit Soeti's ghost but do no damage.
Soeti's ghost is heavily damaged.
Soeti's ghost hits you!
You hit Soeti's ghost.
Soeti's ghost is heavily damaged.
You block Soeti's ghost's attack.
You hit Soeti's ghost.
Soeti's ghost is heavily damaged.
You block Soeti's ghost's attack.
You barely miss Soeti's ghost.
Soeti's ghost is heavily damaged.
Soeti's ghost says, "You must not succeed where I failed!"
Soeti's ghost hits you.
* * * LOW HITPOINT WARNING * * *
You feel very mighty all of a sudden.
Soeti's ghost hits you but does no damage.
You miss Soeti's ghost.
Soeti's ghost is heavily damaged.
Soeti's ghost hits you!
You die...

#####..#.# #.#. .#
##†#.# #.#.
.#######†#.# .
#.#'#........†..#
..##............#..#
..............#.>#
#............##.#
#...W........##.#
#.@#######.##.#
#..........##.#
#.###########.# #.
..# ## ###


You could see Soeti's ghost.

Vanquished Creatures
  3 adders
  A dart slug (D:2)
  2 leopard geckos
  12 bats
  8 giant cockroaches
  2 goblins
  11 hobgoblins
  5 kobolds
  A quokka (D:2)
  2 ball pythons
  3 frilled lizards
  4 rats
54 creatures vanquished.

Notes
Turn   | Place    | Note
-------+----------+-------------------------------------------
     0 | D:1      | Kagorn the Gargoyle Fighter began the quest for the Orb.
     0 | D:1      | Reached XP level 1. HP: 14/14 MP: 1/1
   117 | D:1      | Reached XP level 2. HP: 13/19 MP: 2/2
   444 | D:1      | Reached XP level 3. HP: 23/23 MP: 3/3
   669 | D:2      | Reached skill level 1 in Dodging
  1010 | D:3      | Reached XP level 4. HP: 29/29 MP: 4/4
  1256 | D:3      | Found a shimmering altar of Xom.
  1275 | D:3      | Reached skill level 4 in Shields
  1347 | D:3      | Noticed Soeti's ghost (amateur HOFi)
  1379 | D:3      | Slain by Soeti's ghost

Skill      XL: |  1  2  3  4 |
---------------+-------------+-----
Long Blades    | 2 |  2.3
Dodging        | 1 |  1.2
Shields        | 4 |  4.0
Fighting       | |  3.7
Short Blades   | |  0.3
Armour         | |  3.8

Action                   |  1- 3 |  4- 6 || total
-------------------------+-------+-------++-------
Melee: Long sword        |   172 |       ||   172
       Short sword       |       |   100 ||   100
  Use: Potion            |       |     6 ||     6
       Scroll            |       |     4 ||     4
  Eat: Ration            |     2 |       ||     2
Armor: Scale mail        |    18 |       ||    18
       Chain mail        |   111 |    81 ||   192
Dodge: Dodged            |    62 |    31 ||    93
Block: Shield            |   123 |    73 ||   196
       Rpst.: Long sword |    18 |       ||    18
